 Dungeon Crawl Stone Soup version 0.14-a0-1974-gdb6e453 (webtiles) character file.

202 Kae the Sneak (level 4, -11/21 HPs)
             Began as a Spriggan Enchanter on Jan 17, 2014.
             Mangled by a gnoll
             ... wielding a +2,+1 orcish spear of chaos
              (17 damage)
             ... on Level 2 of the Dungeon.
             The game lasted 00:03:19 (2202 turns).

Kae the Sneak (Spriggan Enchanter)                  Turns: 2202, Time: 00:03:19

HP -11/21        AC  4     Str  5      XL: 4   Next: 57%
MP  13/13        EV 18     Int 16      God:
Gold 95          SH  0     Dex 16      Spells:  2 memorised,  6 levels left

rFire  . . .     SeeInvis +     a - +1 dagger
rCold  . . .     Clarity  .     r - +2 robe {rN+}
rNeg   + . .     Conserve .     (shield restricted)
rPois  .         rCorr    .     (helmet restricted)
rElec  .         rRot     .     (no cloak)
SustAb . .       Spirit   .     (gloves unavailable)
rMut   .         Warding  .     (boots unavailable)
Saprov . . .     Stasis   .     (no amulet)
MR     .....                    (no ring)
                                (no ring)

@: slowed, quick, not resistant to hostile enchantments, quite stealthy
A: unfitting armour, see invisible, herbivore 3, speed 3, slow metabolism 2
a: no special abilities


You were on level 2 of the Dungeon.
You were hungry.

You visited 1 branch of the dungeon, and saw 2 of its levels.

You collected 95 gold pieces.

Inventory:

Hand weapons
 a - a +1,+1 dagger (weapon)
Missiles
 d - 12 darts (quivered)
Armour
 b - a +1 robe
 r - a +2 robe of positive energy (worn)
Comestibles
 l - a cheese
 o - an apple
Scrolls
 f - a scroll of curse weapon {unknown}
 i - a scroll of recharging {unknown}
 j - a scroll of identify {unknown}
 k - a scroll of magic mapping {unknown}
 m - a scroll of teleportation {unknown}
 p - a scroll of enchant weapon II {unknown}
 q - a scroll of amnesia {unknown}
Jewellery
 s - a +4 ring of strength {unknown}
Potions
 e - a potion of porridge
 g - a potion of curing {unknown}
 h - a potion of might {unknown}
 n - a potion of heal wounds {unknown}
 t - a potion of brilliance {unknown}
Books
 c - a book of Maledictions

   Spells                             Type                      Level
   *Corona                            Hexes                        1
   Sure Blade                         Hexes/Charms                 2
   *Ensorcelled Hibernation           Hexes/Ice                    2
   Confuse                            Hexes                        3
   Enslavement                        Hexes                        4
   Invisibility                       Hexes                        6


   Skills:
 * Level 2.9 Short Blades
 - Level 1.1 Throwing
 - Level 3.0 Dodging
 * Level 5.0 Stealth
 + Level 3.3 Spellcasting
 + Level 4.3 Hexes


You had 6 spell levels left.
You knew the following spells:

 Your Spells              Type           Power        Failure   Level  Hunger
a - Corona                Hex            ###....      3%          1    None
b - Ensorcelled Hibernat  Hex/Ice        #.....       14%         2    ##.....


Dungeon Overview and Level Annotations

Branches:
Dungeon (2/16)

Altars:


Innate Abilities, Weirdness & Mutations

You are tiny and cannot use many weapons and most armour.
You have supernaturally acute eyesight.
You are a herbivore.
You cover ground extremely quickly.
You need consume almost no food.


Message History

An adder is nearby!
You spend a moment contemplating the meaning of life.
An adder is nearby!
You spend a moment contemplating the meaning of life.
An adder is nearby!
A worm and a gnoll come into view.
The gnoll shouts!
You hear a shout!
You hear a shout! 2 gnolls come into view.
The gnoll shouts!
The gnoll hits you with a glowing dagger.
You feel yourself slow down.
You hit the gnoll.
The gnoll is lightly wounded.
The gnoll hits you with a dagger of chaos.
The gnoll burns you.
The gnoll hits you from afar with a glowing orcish spear!
* * * LOW HITPOINT WARNING * * *
You are electrocuted!
Ouch! That really hurt!
You die...

........#
#..##
%.....###
##..#
......#
≈##.#
%.....#
≈.#.#
......#
###w#.#
......# §
§§≈.#.#
......# ...
§§#.#.#
......#
#≈.#..#g.#.#
......#
#≈≈@..#
......#
#$.#⌠.###
......#
.⌠≈≈#g#.#
#######
#.g≈≈..≈#
......#
....###S#
......#
.#≈≈≈≈##
.....>#
.#.##
......# .
......#


You could see a worm, 3 gnolls and an adder.

Vanquished Creatures
  4 adders (D:2)
  A giant mite (D:2)
  A giant gecko (D:1)
  An ooze (D:2)
  4 giant cockroaches
  5 hobgoblins
  13 jackals
  4 kobolds
  A quokka (D:2)
  11 bats
  6 giant newts
  6 goblins
  5 rats (D:1)
62 creatures vanquished.

Notes
Turn   | Place    | Note
--------------------------------------------------------------
     0 | D:1      | Kae, the Spriggan Enchanter, began the quest for the Orb.
     0 | D:1      | Reached XP level 1. HP: 9/9 MP: 4/4
   774 | D:1      | Reached XP level 2. HP: 10/13 MP: 7/7
   782 | D:1      | Learned a level 2 spell: Ensorcelled Hibernation
   892 | D:1      | Reached skill level 4 in Hexes
  1151 | D:1      | Reached XP level 3. HP: 13/16 MP: 9/9
  1605 | D:2      | Reached XP level 4. HP: 14/21 MP: 5/13
  2061 | D:2      | Reached skill level 5 in Stealth
  2202 | D:2      | Mangled by a gnoll

Action                   |  1- 3 |  4- 6 || total
-------------------------+-------+-------++-------
Melee: Dagger            |   159 |    61 ||   220
Throw: Dart              |     1 |       ||     1
 Cast: Corona            |     6 |       ||     6
       Ensorcelled Hiber |    16 |    10 ||    26
 Stab: Sleeping          |    22 |     7 ||    29
